 Dungeon Crawl Stone Soup version 0.19.5 (webtiles) character file.

28882 Trixie the Bludgeoner (level 13, 0/118 HPs)
             Began as a Minotaur Berserker on Mar 8, 2017.
             Was a High Priest of Trog.
             Slain by a wolf (7 damage)
             ... on level 3 of the Lair of Beasts.
             The game lasted 00:38:11 (13642 turns).

Trixie the Bludgeoner (Minotaur Berserker)         Turns: 13642, Time: 00:38:12

Health: 0/118      AC: 34    Str: 27    XL:     13   Next: 12%
Magic:  12/12      EV: 13    Int:  4    God:    Trog [*****.]
Gold:   794        SH:  0    Dex: 15    Spells: 0 memorised, 12 levels left

rFire  . . .     SeeInvis .     R - +9 great mace (protect)
rCold  . . .     Gourm    .     a - +5 plate armour
rNeg   . . .     Faith    .     (shield currently unavailable)
rPois  +         Spirit   .     (helmet restricted)
rElec  .         Reflect  .     E - +2 cloak {MR+}
rCorr  .         Harm     .     A - +2 pair of gloves
MR     +....                    (no boots)
Stlth  ..........               S - amulet of regeneration
                                H - +5 ring of strength
                                C - ring of poison resistance

@: exhausted, protection aura, very slightly contaminated, hasted and slowed
A: retaliatory headbutt, horns 2
a: Berserk, Trog's Hand, Brothers in Arms, Burn Spellbooks, Renounce Religion


You were on level 3 of the Lair of Beasts.
You worshipped Trog.
Trog was extremely pleased with you.
You were hungry.

You visited 3 branches of the dungeon, and saw 16 of its levels.
You visited the Abyss 1 time.

You collected 1014 gold pieces.
You spent 220 gold pieces at shops.

Inventory:

Hand Weapons
 R - a +9 great mace of protection (weapon)
Armour
 a - a +5 plate armour (worn)
 A - a +2 pair of gloves (worn)
 E - a +2 cloak of magic resistance (worn)
Jewellery
 k - an uncursed ring of fire
 m - an uncursed ring of ice
 x - an uncursed amulet of the gourmand
 C - a ring of poison resistance (left hand)
 H - a +5 ring of strength (right hand)
 S - an amulet of regeneration (around neck)
Wands
 b - a wand of acid (0/15)
 f - a wand of digging (9/24)
 j - a wand of digging (14/24)
 t - a wand of polymorph (23/24)
 u - a wand of random effects (34/48)
 y - a wand of flame (15/48)
 B - a wand of slowing (21/48)
 L - a wand of iceblast (7/15)
 N - a wand of flame (27/48)
 O - a wand of confusion (30/48)
 T - a wand of lightning (7/15)
 W - a wand of flame (39/48)
 Y - a wand of iceblast (5/15)
Scrolls
 e - 11 scrolls of remove curse
 n - 8 scrolls of teleportation
 q - 4 scrolls of immolation {unknown}
 r - 3 scrolls of noise {unknown}
 s - 8 scrolls of amnesia {unknown}
 M - a scroll of recharging
 Q - 2 scrolls of blinking {unknown}
Potions
 g - 7 potions of curing
 h - 3 potions of flight
 o - 2 potions of cancellation {unknown}
 w - 3 potions of lignification
 z - 7 potions of haste
 J - a potion of might {unknown}
 P - 2 potions of berserk rage {unknown}
 U - 2 potions of invisibility {unknown}
Books
 p - a book of Changes

   Spells                             Type                      Level
   a - Beastly Appendage              Transmutation                1
   b - Sticks to Snakes               Transmutation                2
   c - Spider Form                    Transmutation/Poison         3
   d - Ice Form                       Ice/Transmutation            4
   e - Blade Hands                    Transmutation                5
   Trog disapproves of the use of such an item.
 v - a book of Maledictions

   Spells                             Type                      Level
   a - Corona                         Hexes                        1
   b - Ensorcelled Hibernation        Hexes/Ice                    2
   c - Confuse                        Hexes                        3
   d - Tukima's Dance                 Hexes                        3
   e - Dazzling Spray                 Conjuration/Hexes            3
   Trog disapproves of the use of such an item.
 K - a book of Changes

   Spells                             Type                      Level
   a - Beastly Appendage              Transmutation                1
   b - Sticks to Snakes               Transmutation                2
   c - Spider Form                    Transmutation/Poison         3
   d - Ice Form                       Ice/Transmutation            4
   e - Blade Hands                    Transmutation                5
   Trog disapproves of the use of such an item.
 X - a book of Battle

   Spells                             Type                      Level
   a - Infusion                       Charms                       1
   b - Shroud of Golubria             Charms/Translocation         2
   c - Song of Slaying                Charms                       2
   d - Spectral Weapon                Hexes/Charms                 3
   e - Regeneration                   Charms/Necromancy            3
   Trog disapproves of the use of such an item.
 Z - a book of Debilitation

   Spells                             Type                      Level
   a - Corona                         Hexes                        1
   b - Slow                           Hexes                        2
   c - Gell's Gravitas                Hexes/Translocation          3
   d - Inner Flame                    Hexes/Fire                   3
   e - Cause Fear                     Hexes                        4
   f - Leda's Liquefaction            Hexes/Earth                  4
   Trog disapproves of the use of such an item.
Comestibles
 c - 12 bread rations
 i - 7 chunks of flesh
 l - 15 fruits
 F - 5 meat rations
 I - 3 slices of pizza


   Skills:
 - Level 12.2 Fighting
 - Level 17.0 Maces & Flails
 - Level 12.0 Armour
 + Level 10.1 Dodging
 - Level 0.1 Stealth
   Level 2.2 Shields


You had 12 spell levels left.
You didn't know any spells.

Dungeon Overview and Level Annotations

Branches:
Dungeon (11/15)            Temple (0/1) D:6            Lair (4/6) D:10
  Swamp (0/4) Lair:2       Spider (1/4) Lair:3
    Orc: D:9-12

Altars:
Ashenzari
Elyvilon
Fedhas
Gozag
Kikubaaqudgha
Qazlal
The Shining One

Shops:
D:5 =   D:7 ?   D:8 *


Innate Abilities, Weirdness & Mutations

You reflexively headbutt those who attack you in melee.
You have a pair of horns on your head.


Message History

The wolf barely misses you.
There is a stone staircase leading up here.
The wolf bites you but does no damage. x5
You climb upwards.
There is a stone staircase leading down here.
You hit the wolf.
Your weapon exudes an aura of protection.
You kill the wolf!
Trog accepts your kill.
The wolf bites you but does no damage. x2; The wolf bites you.
* * * LOW HITPOINT WARNING * * *
The wolf misses you.
The wolf bites you but does no damage. x2
You bludgeon the wolf!!
You kill the wolf!
Trog accepts your kill.
The wolf bites you but does no damage. x2
You thump the wolf!
The wolf is severely wounded.
The wolf bites you but does no damage. x2; The wolf bites you!
You die...

#..........≈ #........... #####
######## ####...........
.##.####..#...#####.#.#..........
#................................
.................................
.......†....................[....
...............†h................
...............h@................
P.........[<...†....>............
#........(....................(..
###...######.##...#.......##..#.#
##### #####.##........#.####
####.......#.## ##........##
#.........## ##.[<....#.#


You could see 2 wolves.

Vanquished Creatures
  Snorg (Lair:4)
  Fannar (Lair:1)
  Erolcha (D:9)
  4 hydras
  Erica (D:8)
  A death knight (D:11)
  2 skeletal warriors (D:11)
  The ghost of Agrougrou the Cudgeler, a novice DsFi of Nemelex Xobeh (D:8)
  A phantasmal warrior (D:11)
  A hill giant (D:11)
  Pikel (D:8)
  An ugly thing (D:11)
  Maurice (D:8)
  9 elephants
  2 black mambas
  Psyche (D:8)
  4 spiny frogs
  3 komodo dragons
  A freezing wraith (D:11)
  A jumping spider (Spider:1)
  4 blink frogs (Lair:3)
  A hornet (D:9)
  7 hippogriffs
  A redback (Lair:3)
  A spriggan (D:7)
  19 yaks
  A wyvern (D:11)
  A basilisk (Lair:2)
  Menkaure (D:5)
  A hungry ghost (D:11)
  A water moccasin (Lair:2)
  2 porcupines (Lair:2)
  A hornet zombie (D:8)
  3 orc warriors
  2 sky beasts
  A phantom (D:5)
  4 ice beasts
  A slave (D:8)
  A black bear (D:9)
  A necrophage (D:9)
  6 ogres
  7 wolves
  4 centaurs
  6 crocodiles
  2 big kobolds
  Blork the orc (D:4)
  7 bullfrogs
  A wyvern zombie (D:10)
  12 killer bees
  2 scorpions
  12 wights
  2 howler monkeys
  4 electric eels
  2 bullfrog zombies (D:10)
  8 crimson imps
  3 jellies
  A bullfrog skeleton (D:9)
  A centaur zombie (D:10)
  5 hounds
  4 orc priests
  6 orc wizards
  A centaur skeleton (D:5)
  Jessica (D:2)
  5 iguanas
  5 worker ants
  A hound zombie (D:8)
  A howler monkey zombie (D:5)
  Robin (D:2)
  17 adders
  A gnoll (D:2)
  A shadow imp (D:10)
  An ooze (D:2)
  2 adder skeletons (D:9)
  2 adder zombies
  2 worms
  5 dart slugs
  9 leopard geckos
  49 orcs
  5 ball pythons
  7 giant cockroaches
  14 goblins
  15 hobgoblins
  14 jackals
  4 quokkas
  6 bats
  6 frilled lizards
  19 kobolds
  7 rats
  A bush (D:10)
  A plant (Lair:1)
391 creatures vanquished.

Vanquished Creatures (others)
  2 slaves (D:8)
  A centaur (D:8)
  A bullfrog (D:8)
  A wight (D:8)
  An orc wizard (D:8)
  A hound skeleton (D:8)
  2 orcs (D:8)
  10 plants
19 creatures vanquished.

Grand Total: 410 creatures vanquished

Notes
Turn   | Place    | Note
-------+----------+-------------------------------------------
     0 | D:1      | Trixie the Minotaur Berserker began the quest for the Orb.
     0 | D:1      | Reached XP level 1. HP: 19/19 MP: 0/0
    93 | D:1      | Reached XP level 2. HP: 17/27 MP: 1/1
   100 | D:1      | Reached skill level 4 in Maces & Flails
   453 | D:1      | Reached XP level 3. HP: 29/34 MP: 2/2
   843 | D:1      | Reached ** piety under Trog
   941 | D:2      | Noticed Robin
  1205 | D:2      | Reached skill level 5 in Fighting
  1357 | D:2      | Killed Robin
  1357 | D:2      | Reached XP level 4. HP: 42/42 MP: 3/3
  1657 | D:2      | Reached skill level 5 in Maces & Flails
  1730 | D:2      | Found a faded altar of an unknown god.
  1730 | D:2      | Found a faded altar of an unknown god.
  1735 | D:2      | Found a faded altar of an unknown god.
  1737 | D:2      | Found a faded altar of an unknown god.
  1737 | D:2      | Noticed Jessica
  1738 | D:2      | Found a white marble altar of Elyvilon.
  1740 | D:2      | Killed Jessica
  1740 | D:2      | Reached XP level 5. HP: 38/48 MP: 4/4
  2217 | D:3      | Found a faded altar of an unknown god.
  2225 | D:3      | Reached *** piety under Trog
  2327 | D:3      | Noticed an orc warrior
  2338 | D:3      | Reached XP level 6. HP: 29/56 MP: 5/5
  2345 | D:3      | HP: 3/84 [orc warrior/glaive (5)]
  2346 | D:3      | Killed an orc warrior
  2346 | D:3      | Reached skill level 5 in Armour
  2637 | D:3      | Found an ancient bone altar of Kikubaaqudgha.
  2637 | D:3      | Found a glowing golden altar of the Shining One.
  3106 | D:3      | Reached skill level 1 in Shields
  3545 | D:4      | Noticed Blork the orc
  3549 | D:4      | Killed Blork the orc
  3549 | D:4      | Reached XP level 7. HP: 61/61 MP: 6/6
  3622 | D:4      | Reached **** piety under Trog
  3624 | D:4      | Received a gift from Trog
  4214 | D:4      | Reached skill level 5 in Dodging
  4332 | D:4      | Reached XP level 8. HP: 69/69 MP: 7/7
  4553 | D:5      | Entered Level 5 of the Dungeon
  4553 | D:5      | Found a stormy altar of Qazlal.
  4589 | D:5      | Reached skill level 6 in Maces & Flails
  4623 | D:5      | Noticed Menkaure
  4631 | D:5      | Killed Menkaure
  4800 | D:5      | Found Kadeos's Jewellery Shop.
  4803 | D:5      | Bought an uncursed ring of poison resistance for 220 gold pieces
  4857 | D:5      | Reached skill level 7 in Maces & Flails
  5477 | D:6      | Found a staircase to the Ecumenical Temple.
  5645 | D:6      | Reached skill level 8 in Maces & Flails
  5748 | D:6      | Found a shattered altar of Ashenzari.
  5979 | D:7      | Reached ***** piety under Trog
  5994 | D:7      | Reached skill level 9 in Maces & Flails
  6088 | D:7      | Reached XP level 9. HP: 78/78 MP: 8/8
  6193 | D:7      | Found Desacw's Magic Scroll Shoppe.
  6246 | D:7      | Reached skill level 10 in Maces & Flails
  6660 | D:8      | Noticed Psyche
  6665 | D:8      | Killed Psyche
  6943 | D:8      | Reached skill level 10 in Fighting
  7236 | D:8      | Noticed Pikel
  7236 | D:8      | Noticed Maurice
  7286 | D:8      | Killed Pikel
  7286 | D:8      | Reached skill level 11 in Maces & Flails
  7286 | D:8      | Reached XP level 10. HP: 60/93 MP: 9/9
  7309 | D:8      | Killed Maurice
  7321 | D:8      | Reached skill level 12 in Maces & Flails
  7577 | D:8      | Noticed Agrougrou's ghost (novice DsFi)
  7592 | D:8      | Killed Agrougrou's ghost
  7660 | D:8      | Found an opulent altar of Gozag.
  7661 | D:8      | Noticed Erica
  7752 | D:8      | Found Gozag's Platinum Reserve.
  7784 | D:8      | Killed Erica
  7784 | D:8      | Reached skill level 13 in Maces & Flails
  8320 | D:9      | Noticed Erolcha
  8323 | D:9      | Cast into level 1 of the Abyss (Erolcha)
  8370 | D:9      | Escaped the Abyss
  8389 | D:9      | Killed Erolcha
  9189 | D:9      | Reached skill level 10 in Armour
  9259 | D:9      | Reached XP level 11. HP: 99/99 MP: 10/10
  9276 | D:9      | Received a gift from Trog
  9328 | D:9      | Reached skill level 14 in Maces & Flails
  9661 | D:10     | Entered Level 10 of the Dungeon
  9697 | D:10     | Found a staircase to the Lair.
  9834 | D:10     | Found a stormy altar of Qazlal.
  9889 | D:10     | Found a blossoming altar of Fedhas.
 10465 | D:11     | Noticed a hill giant
 10475 | D:11     | Killed a hill giant
 10475 | D:11     | Reached skill level 15 in Maces & Flails
 11126 | D:11     | Noticed a red ugly thing
 11134 | D:11     | Killed a red ugly thing
 11172 | D:11     | Received a gift from Trog
 11211 | D:11     | Noticed a skeletal warrior
 11213 | D:11     | Noticed a phantasmal warrior
 11214 | D:11     | Noticed a death knight
 11215 | D:11     | Noticed a skeletal warrior
 11226 | D:11     | Killed a skeletal warrior
 11226 | D:11     | Reached skill level 16 in Maces & Flails
 11228 | D:11     | Killed a phantasmal warrior
 11237 | D:11     | Killed a death knight
 11238 | D:11     | Killed a skeletal warrior
 11460 | Lair:1   | Entered Level 1 of the Lair of Beasts
 11570 | Lair:1   | Reached skill level 17 in Maces & Flails
 11570 | Lair:1   | Reached XP level 12. HP: 106/106 MP: 11/11
 11636 | Lair:1   | Noticed a four-headed hydra
 11641 | Lair:1   | Killed a four-headed hydra
 11676 | Lair:1   | Noticed Fannar
 11692 | Lair:1   | Killed Fannar
 12534 | Lair:2   | Found a staircase to the Swamp.
 12806 | Lair:3   | Found a hole to the Spider Nest.
 13371 | Spider:1 | Entered Level 1 of the Spider Nest
 13378 | Spider:1 | Noticed an entropy weaver
 13576 | Lair:4   | Noticed a seven-headed hydra
 13581 | Lair:4   | Noticed a five-headed hydra
 13581 | Lair:4   | Killed a seven-headed hydra
 13587 | Lair:4   | Noticed Snorg
 13590 | Lair:4   | Noticed a five-headed hydra
 13597 | Lair:4   | Killed a five-headed hydra
 13600 | Lair:4   | Noticed a catoblepas
 13601 | Lair:4   | Killed Snorg
 13601 | Lair:4   | Reached XP level 13. HP: 114/118 MP: 12/12
 13612 | Lair:4   | Reached skill level 10 in Dodging
 13636 | Lair:4   | HP: 4/118 [wolf (7)]
 13642 | Lair:3   | Slain by a wolf

Skill      XL: |  1  2  3  4  5  6  7  8  9 10 11 12 13 |
---------------+----------------------------------------+-----
Fighting       | 4 5 6 10 12 | 12.2
Maces & Flails | 4 5 9 11 13 17 | 17.0
Armour         | 3 4 6 7 10 12 | 12.0
Dodging        | 3 5 6 9 10 | 10.1
Shields        | 2 |  2.2
Stealth        | |  0.1

Action                   |  1- 3 |  4- 6 |  7- 9 | 10-12 | 13-15 || total
-------------------------+-------+-------+-------+-------+-------++-------
Melee: Mace              |    82 |   135 |   320 |   156 |       ||   693
       Headbutt          |     7 |    24 |    69 |   126 |     4 ||   230
       Great mace        |       |       |       |   347 |    17 ||   364
Invok: Berserk           |     1 |     3 |    11 |     5 |       ||    20
  Use: Scroll            |     1 |       |     7 |    25 |       ||    33
       Potion            |       |       |       |     2 |     3 ||     5
 Stab: Petrifying        |       |       |       |       |     2 ||     2
  Eat: Chunk             |     1 |     9 |    18 |    16 |       ||    44
       Fruit             |       |     1 |       |       |       ||     1
       Bread ration      |       |       |     1 |     1 |       ||     2
       Beef jerky        |       |       |     1 |     2 |       ||     3
Armor: Animal skin       |     6 |       |       |       |       ||     6
       Ring mail         |    18 |    27 |     5 |       |       ||    50
       Scale mail        |       |       |   102 |    91 |       ||   193
       Plate armour      |       |       |       |   150 |    55 ||   205
Dodge: Dodged            |    45 |    88 |   145 |   254 |    26 ||   558
Block: Buckler           |       |    12 |    44 |    14 |       ||    70
